 Dungeon Crawl Stone Soup version 0.19-a0-1170-g18f0c96 (webtiles) character file.

115 epen the Poker (level 5, -3/42 HPs)
             Began as a Merfolk Monk on Aug 16, 2016.
             Slain by Grinder (4 damage)
             ... on level 3 of the Dungeon.
             The game lasted 00:02:57 (2342 turns).

epen the Poker (Merfolk Monk)                       Turns: 2342, Time: 00:02:58

Health: -3/42      AC:  3    Str: 12    XL:     5   Next: 0%
Magic:  5/5        EV: 21    Int:  9    God:
Gold:   85         SH:  0    Dex: 22    Spells: 0 memorised, 4 levels left

rFire  . . .     SeeInvis .     a - +0 spear
rCold  . . .     Gourm    .     b - +0 robe
rNeg   . . .     Faith    .     (no shield)
rPois  .         Spirit   .     (no helmet)
rElec  .         Dismiss  .     h - +0 cloak
rCorr  .         Reflect  .     (no gloves)
MR     .....     Harm     .     (no boots)
Stlth  +++.......               (no amulet)
                                (no ring)
                                (no ring)

@: agile
A: change form in water, swift swim
a: no special abilities


You were on level 3 of the Dungeon.
You were hungry.

You visited 1 branch of the dungeon, and saw 3 of its levels.

You collected 85 gold pieces.

Inventory:

Hand Weapons
 a - a +0 spear (weapon)
Armour
 b - a +0 robe (worn)
 h - a +0 cloak (worn)
Jewellery
 f - an uncursed ring of resist corrosion {unknown}
Wands
 p - a wand of polymorph (6/24)
Scrolls
 g - a scroll of enchant weapon {unknown}
 l - a scroll of teleportation {unknown}
 m - a scroll of immolation {unknown}
 n - 2 scrolls of remove curse {unknown}
 o - 2 scrolls of magic mapping {unknown}
Potions
 d - 2 potions of agility
 e - a potion of ambrosia
 j - a potion of cure mutation {unknown}
Comestibles
 c - 2 bread rations
 i - a beef jerky


   Skills:
 + Level 4.1 Fighting
 + Level 4.9 Polearms
 * Level 2.0 Armour
 + Level 4.8 Dodging
 - Level 2.1 Stealth


You had 4 spell levels left.
You didn't know any spells.

Dungeon Overview and Level Annotations

Branches:
Dungeon (3/15)

Altars:
Fedhas
Hepliaklqana
Xom

Annotations:
D:3 Grinder


Message History

Unknown command.
It was a potion of curing.
You feel better.
You feel less invigorated. Grinder completely misses you.
You feel better.
Grinder says, "DUCK!"
Grinder gestures at you.
You suddenly lose the ability to move!
Grinder hits you!
* * * LOW HITPOINT WARNING * * *
You writhe in agony.
* * * LOW HITPOINT WARNING * * *
Grinder hits you but does no damage.
Grinder says, "Tell me all your secrets, or I'll kill you."
Grinder blinks!
You can move again.
Unknown command.
You barely miss Grinder. Grinder hits you!
* * * LOW HITPOINT WARNING * * *
You writhe in agony.
You die...

##########
.......<.. ######
#......... #....#
#......... #....#
##.........
##....#.##.........
#.....'.##.........
#.$...# .#########
#.@...# #.5?..+
##.....# #......#
###..>.#######
#..........#
#####.####.#
#.......# #.###.#.#


You could see Grinder.

Vanquished Creatures
  Terence (D:3)
  5 adders
  A dart slug (D:3)
  3 giant geckos
  3 giant cockroaches
  A goblin (D:2)
  8 hobgoblins (D:1)
  4 jackals (D:3)
  4 kobolds
  3 quokkas
  2 ball pythons
  4 bats
  A giant newt (D:1)
  3 rats
43 creatures vanquished.

Notes
Turn   | Place    | Note
-------+----------+-------------------------------------------
     0 | D:1      | epen the Merfolk Monk began the quest for the Orb.
     0 | D:1      | Reached XP level 1. HP: 18/18 MP: 1/1
   257 | D:1      | Reached XP level 2. HP: 23/24 MP: 2/2
   471 | D:1      | Found a shimmering altar of Xom.
  1047 | D:2      | Reached XP level 3. HP: 27/30 MP: 3/3
  1058 | D:2      | Reached skill level 1 in Armour
  1628 | D:2      | Found a hazy altar of Hepliaklqana.
  1668 | D:2      | Reached XP level 4. HP: 35/37 MP: 4/4
  1846 | D:3      | Noticed Terence
  1895 | D:3      | Killed Terence
  2036 | D:3      | Found a blossoming altar of Fedhas.
  2166 | D:3      | Reached XP level 5. HP: 35/42 MP: 5/5
  2317 | D:3      | Noticed Grinder
  2327 | D:3      | Paralysed by Grinder for 6 turns
  2335 | D:3      | HP: 2/42 [Grinder/nerve-wracking pain (11)]
  2338 | D:3      | Paralysed by Grinder for 4 turns
  2342 | D:3      | HP: 1/42 [Grinder (9)]
  2342 | D:3      | Slain by Grinder

Vault maps used:
D:1:      saegor_arrival_miasma, nrook_loot_triangle, xom_teletrap_fun
D:2:      lemuel_doored_altar, patterned_corridor
D:3:      marbit_many_paths, uniq_grinder, uniq_terence

Skill      XL: |  1  2  3  4 |
---------------+-------------+-----
Armour         | 1 2 |  2.0
Fighting       | 4 |  4.1
Polearms       | |  4.9
Dodging        | |  4.8
Stealth        | |  2.1

Action                   |  1- 3 |  4- 6 || total
-------------------------+-------+-------++-------
Melee: Spear             |   125 |    83 ||   208
       Unarmed           |       |     9 ||     9
  Use: Potion            |       |     4 ||     4
 Stab: Sleeping          |     5 |     3 ||     8
       Distracted        |     2 |       ||     2
  Eat: Chunk             |     2 |     2 ||     4
Armor: Robe              |    20 |    18 ||    38
Dodge: Dodged            |    58 |    84 ||   142
